[Event "Chessity Nationale Pupillendag 2018 - Groep F"]
[Site "Meppel, Netherlands"]
[Date "2018.06.23"]
[Round "5.5"]
[White "Paulzen, Yuko"]
[Black "Dirksen, Reiko"]
[Result "1-0"]
[TimeControl "15 min + 10 sec"]
[WhiteElo "931"]
[BlackElo "560"]

1. d4 d5 2. Nc3 Nf6 3. Bf4 Nc6 4. Nb5 e5 5. dxe5 a6 6. Nc3 Nd7 7. Nf3 Bb4 8. Qd2 Nc5 9. a3 d4 10. axb4 dxc3 11. Qxd8+ Nxd8 12. bxc5 cxb2 13.
Rb1 Nc6 14. Rxb2 Bf5 15. c3 O-O-O 16. e3 Rd7 17. Be2 Rhd8 18. O-O Bg4 19. Rfb1 b5 20. h3 Bf5 21. Rc1 Be4 22. c4 bxc4 23.
Bxc4 Bxf3 24. Bxa6# 1-0

[Event "Chessity Nationale Pupillendag 2018 - Groep F"]
[Site "Meppel, Netherlands"]
[Date "2018.06.23"]
[Round "5.6"]
[White "Van Gaal, Hugo"]
[Black "Lopes, Samuel"]
[Result "1-0"]
[TimeControl "15 min + 10 sec"]
[WhiteElo "851"]
[BlackElo "455"]

1. e4 e5 2. Nf3 Nc6 3. Nc3 Bc5 4. Bc4 Nf6 5. Ng5 Nh5 6. Qxh5 g6 7. Qg4 d5 8. Bxd5 Bxg4 9. Nxf7 Bxf2+ 10. Kxf2 Qf6+ 11. Kg1 Qh4 12. g3 Qf6 13. Nb5 Bf3 14. Nxc7+ Kf8 15. Nxa8 Bxh1 16. Nxh8 Qf3 17.
Nxg6+ Kg7 18. Nh4 Bg2 19. Nxf3 Bxf3 20. Nc7 Nd4 21. Ne8+ Kf8 22.
Nd6 Nxc2 23. Rb1 Nd4 24. Nxb7 Ne2+ 25. Kf2 Nd4 26. Kg1 Ne2+ 27. Kf1 Kg7 28. b4 Kg6 29. b5 Kg5 30. a4 Kg4 31.
a5 Kh3 32. Be6 Kxh2 33. a6 Ng1 34. Rb2 Bg2+ 35. Kf2 Nh3+ 36. Bxh3 Bxe4 37. b6 axb6 38. Rxb6 Bxb7 39. Rxb7 Kxh3 40.
Rxh7 Kg4 41. a7 e4 42. a8=Q e3+ 43. Kxe3 Kg5 44. Rg7+ Kf6 45. Rg4 Ke5 46. Rg6 Kf5 47. Qe4# 1-0

[Event "Chessity Nationale Pupillendag 2018 - Groep F"]
[Site "Meppel, Netherlands"]
[Date "2018.06.23"]
[Round "6.1"]
[White "Kazarjan, Gachatur"]
[Black "Van Batenburg, Mees"]
[Result "0-1"]
[TimeControl "15 min + 10 sec"]
[WhiteElo "1020"]
[BlackElo "962"]

1. d4 d5 2. c4 e6 3. Nc3 Nf6 4.
Bg5 Be7 5. Nf3 h6 6. Bh4 g5 7. Bg3 Bb4 8. Qb3 Bd6 9. Be5 Nc6 10. Bxf6 Qxf6 11. cxd5 Nxd4 12. Nxd4 Qxd4 13. e3 Qe5 14. Bb5+ Bd7 15. Bxd7+ Kxd7 16. Qxb7 Rhb8 17. Qc6+ Ke7 18.
g3 h5 19. dxe6 fxe6 20. Qe4 Qxe4 21. Nxe4 Rxb2 22. O-O h4 23. Nxg5 hxg3 24. fxg3 Rh8 25. Nf3 Bc5 26. Nd4 Rhxh2 27. Nc6+ Kd6 28. Rfd1+ Kxc6 29. Rdc1 Kb6 30. Rcb1 Bxe3+ 31. Kf1 Rhf2+ 32. Kg1 Rfd2+ 33. Kf1 Rxb1+ 34. Rxb1+ Kc6 35. Rc1+ Kd7 36. Rc3 Bd4 37. Rb3 Rxa2 38.
g4 Rf2+ 39. Ke1 Rg2 40. Rd3 Rxg4 41. Kd2 Ke7 42. Kc2 e5 43. Kd1 a5 44. Rd2 Bc3 45. Re2 Ke6 46. Kc2 Bd4 47. Kd2 Rf4 48.
Kc2 Rf2 49. Rxf2 Bxf2 50. Kb3 e4 0-1

[Event "Chessity Nationale Pupillendag 2018 - Groep F"]
[Site "Meppel, Netherlands"]
[Date "2018.06.23"]
[Round "6.2"]
[White "Van Gaal, Hugo"]
[Black "Jakhari, Ansh"]
[Result "0-1"]
[TimeControl "15 min + 10 sec"]
[WhiteElo "851"]
[BlackElo "1293"]

1. e4 c5 2. Nc3 Nc6 3. Nf3 e6 4. Bc4 a6 5. d3 b5 6. Bg5 Be7 7. Bxe7 Ngxe7 8.
Bd5 exd5 9. exd5 Nb4 10.
d6 Ng6 11. Qe2+ Kf8 12. O-O-O Bb7 13. h4 Nf4 14. Qe3 Nxg2 15. Qg5 Bxf3 16. Qxd8+ Rxd8 17.
Rdg1 Nf4 18. Rg3 Bxh1 19. Rg4 Nfd5 20. Nxd5 Bxd5 21. a3 Nc6 22. b4 Be6 23. Re4 cxb4 24. axb4 Bd5 25. Rg4 h5 26. Rf4 Re8 27. d4 Re4 28. Rxe4 Bxe4 29. d5 Nxb4 30. f4 Bxd5 31. c3 Nd3+ 32. Kd2 Nxf4 33. c4 Bxc4 34. Ke3 Nd5+ 35. Ke4 g6 36.
Ke5 Kg7 37. Ke4 Re8+ 38. Kf3 Re3+ 39.
Kf2 b4 40. Kg2 Nf4+ 41. Kh2 Rh3 42. Kg1 Rxh4 43. Kf2 b3 44. Ke1 b2 45. Kd2 b1=Q 46. Ke3 Qd3+ 47. Kf2 Qe2+ 48. Kg3 Rg4+ 0-1

[Event "Chessity Nationale Pupillendag 2018 - Groep F"]
[Site "Meppel, Netherlands"]
[Date "2018.06.23"]
[Round "6.3"]
[White "Madularea, David"]
[Black "Boonen, Arvo"]
[Result "1-0"]
[TimeControl "15 min + 10 sec"]
[WhiteElo "961"]
[BlackElo "657"]

1. Nf3 Nc6 2. d4 d5 3. c4 e6 4. Nc3 Nf6 5. Bf4 Bd6 6.
Bg3 O-O 7. c5 Bxg3 8. hxg3 Ne4 9. Qc2 f5 10. Nxe4 dxe4 11. Nd2 Nxd4 12. Qc3 Qf6 13. e3 Nc6 14. Qxf6 Rxf6 15. O-O-O b5 16. Nb3 a6 17. Kb1 Bb7 18.
f3 exf3 19. gxf3 Rff8 20. f4 Rad8 21. Bg2 Rxd1+ 22. Rxd1 Rd8 23. Rxd8+ Nxd8 24. Bxb7 Nxb7 25. Kc2 Kf7 26. Kd3 Ke7 27. Kd4 Kf6 28. c6 Nd6 29.
Nc5 a5 30. Na6 g5 31. Nxc7 b4 32. b3 Ne4 33. Ne8+ Ke7 34. c7 Kd7 35. fxg5 Nxg5 36. Ke5 Nf7+ 37. Kf6 Nh6 38. Kg5 Nf7+ 39.
Kf6 Nh6 40. Ke5 Ng4+ 41. Kf4 Nh6 42. Nd6 Kxc7 43. Ke5 Ng4+ 44. Kxe6 Nxe3 45. Nxf5 Nxf5 46. Kxf5 Kd7 47. g4 Ke7 48.
g5 Kf7 49. Kg4 Kg6 50. Kf4 Kf7 51.
Kf5 Kg7 52. Kf4 Kg6 53. Kg4 Kg7 54. Kh5 Kf7 55. Kh6 Ke6 56. Kxh7 Kf5 57. g6 Ke4 58.
g7 Kd3 59. g8=Q Kc2 60. Qc4+ Kb2 61. Qe2+ Ka3 62. Kg6 a4 63. bxa4 Kxa4 64. Qa6# 1-0

[Event "Chessity Nationale Pupillendag 2018 - Groep F"]
[Site "Meppel, Netherlands"]
[Date "2018.06.23"]
[Round "6.4"]
[White "Jonkman, Sophia"]
[Black "Paulzen, Yuko"]
[Result "0-1"]
[TimeControl "15 min + 10 sec"]
[WhiteElo "538"]
[BlackElo "931"]

1. d4 d5 2. c4 Nf6 3. Nc3 Be6 4.
cxd5 Nxd5 5. Nxd5 Bxd5 6. Nf3 Bxf3 7. exf3 e6 8. Bd3 Nc6 9. Bb5 Qd6 10. Bxc6+ Qxc6 11. O-O g6 12. Be3 Bg7 13.
Rc1 Qd7 14. Qd2 c6 15. Rfd1 h6 16. Bf4 O-O 17. Bxh6 Qe7 18. Bg5 Bf6 19. Bxf6 Qxf6 20. g4 Qxf3 21. g5 Qg4+ 22. Kf1 Kg7 23.
Qe3 Rh8 24. Qe5+ Kg8 25. Rd2 Qh3+ 26. Kg1 Qf5 27. Qxf5 exf5 28. Kg2 Rh4 29. Kg3 Rg4+ 30. Kf3 Rxg5 31. h4 Rg4 32. Rh1 Re8 33.
Re2 Rxe2 34. Kxe2 Rxd4 35. h5 Rc4 36. h6 Kh7 37. b3 Rc2+ 38. Kf3 Rxa2 39. Kg3 Ra3 40. Kf4 f6 41. Ke3 Rxb3+ 42. Kd4 a5 43. Kc5 a4 44. Kd6 a3 45.
Ke7 a2 46. Kf7 Rb1 47. Rh2 a1=Q 48. Rg2 Qa2+ 49. Kf8 Qa3+ 50. Kf7 Qb3+ 51. Kxf6 Re1 52. Rxg6 Qe6+ 53. Kg5 Qxg6+ 54. Kf4 Qxh6+ 55. Kxf5 Qf8+ 56. Kg4 Rg1+ 57. Kh4 Qh6 0-1

[Event "Chessity Nationale Pupillendag 2018 - Groep F"]
[Site "Meppel, Netherlands"]
[Date "2018.06.23"]
[Round "6.5"]
[White "Wortman, Rawi"]
[Black "De Vreugt Pezo, Max"]
[Result "0-1"]
[TimeControl "15 min + 10 sec"]
[WhiteElo "655"]
[BlackElo "922"]

1. e4 e5 2. Nf3 Nc6 3. Bc4 Bb4 4. c3 Bc5 5. d4 exd4 6. cxd4 Be7 7. Nc3 d6 8. Bf4 Bg4 9. h3 Bh5 10. O-O Nf6 11. Re1 O-O 12. Qd3 Nb4 13. Qd2 Bxf3 14. gxf3 Nh5 15. a3 Nxf4 16. Qxf4 Nc2 17. Rac1 Nxe1 18.
Rxe1 c6 19. Kh1 b5 20. Ba2 Bg5 21. Qg4 h6 22. Rg1 Qf6 23. d5 c5 24. Nxb5 Qxb2 25. h4 Bf6 26. Bc4 Rab8 27. Nxd6 Qxf2 28.
Rg2 Qxh4 29. Qxh4 Bxh4 30. Nf5 Bg5 31. f4 Rb1 32. Kh2 Bxf4 33. Kh3 Bg5 34. Bd3 Rb3 35. Rg3 Rxa3 36. e5 Re8 37.
Nxh6+ gxh6 38. Bh7+ Kxh7 39. Rxa3 Rxe5 40. d6 Rd5 41. Ra6 c4 42. Rxa7 Rxd6 43. Rc7 Rd3 44. Kg2 c3 45. Kf2 Rd2+ 46.
Ke1 c2 47. Rxf7 Kg6 48. Rc7 Rd1+ 49.
Ke2 c1=Q 50. Rxc1 Rxc1 51. Kf3 Re1 52. Kf2 Re8 53. Kf3 Kf5 54. Kg3 Ke4 55. Kg4 Rg8 56. Kh5 Bd8 57. Kxh6 Kf5 58.
Kh7 Rg4 59. Kh6 Rg2 60. Kh7 Kf6 61. Kh8 Kf7 62. Kh7 Rh2 0-1

[Event "Chessity Nationale Pupillendag 2018 - Groep F"]
[Site "Meppel, Netherlands"]
[Date "2018.06.23"]
[Round "6.6"]
[White "Grooten, Tommy"]
[Black "Song, Fred"]
[Result "1-0"]
[TimeControl "15 min + 10 sec"]
[WhiteElo "1408"]
[BlackElo "580"]

1. e4 e5 2. Nf3 Nc6 3.
Bc4 h6 4. d4 Nxd4 5. Nxd4 exd4 6.
Qxd4 Nf6 7. Nc3 b6 8. Bf4 Bc5 9.
Qd3 O-O 10. O-O Bb7 11. e5 Nh5 12. Bxh6 gxh6 13. Qg6+ Kh8 14. Qxh6 Kg8 15. Qxh5 Qe7 16. Rad1 d6 17. Rd3 dxe5 18. Rg3+ Qg5 19. Rxg5+ 1-0

[Event "Chessity Nationale Pupillendag 2018 - Groep F"]
[Site "Meppel, Netherlands"]
[Date "2018.06.23"]
[Round "7.1"]
[White "Jakhari, Ansh"]
[Black "Kazarjan, Gachatur"]
[Result "0-1"]
[TimeControl "15 min + 10 sec"]
[WhiteElo "1293"]
[BlackElo "1020"]

1. e4 e6 2. d4 d5 3.
exd5 exd5 4. Nf3 Nf6 5. c4 c6 6. Nc3 Bb4 7. Bd2 Bg4 8. a3 Be7 9. cxd5 cxd5 10. Be2 O-O 11. O-O Nc6 12. Re1 Re8 13. Be3 Qc7 14. h3 Bh5 15. Qd2 Rad8 16.
Bf4 Bd6 17. Bxd6 Qxd6 18. Rac1 a6 19. Na4 Ne4 20. Qd1 Qg6 21. Kh1 Nxf2 22. Kg1 Nxd1 23. Rcxd1 Re3 24. Kf2 Re6 25. Bd3 Qf6 26. Nc5 Rxe1 27. Rxe1 Nxd4 28. Nxb7 Rb8 29. Re3 Nxf3 30.
gxf3 Qxb2+ 31. Kg3 Qxb7 32. Re5 Qc7 33. f4 f6 34. Rxh5 Rb3 35. Kg4 Rxd3 36. h4 g6 37. Rh6 Qd7+ 38.
f5 Qxf5+ 0-1

[Event "Chessity Nationale Pupillendag 2018 - Groep F"]
[Site "Meppel, Netherlands"]
[Date "2018.06.23"]
[Round "7.3"]
[White "De Vreugt Pezo, Max"]
[Black "Madularea, David"]
[Result "0-1"]
[TimeControl "15 min + 10 sec"]
[WhiteElo "922"]
[BlackElo "961"]

1. e4 e5 2. Nf3 Nf6 3.
Nc3 Nc6 4. Bb5 d6 5. d3 Bg4 6. Bg5 Be7 7. h3 Bh5 8. O-O h6 9.
Bh4 Nh7 10. Bxe7 Qxe7 11. Qe2 Ng5 12. Kh1 Bxf3 13. gxf3 Nxh3 14. f4 Qh4 15. Qe3 Nxf4 16. Kg1 Qg4+ 17. Qg3 Ne2+ 18. Kg2 Nxg3 19.
fxg3 O-O-O 20. Nd5 Nd4 21. Bc4 b5 22. Bb3 Nxb3 23. axb3 Kb7 24. Rae1 h5 25. Ne3 Qg6 26. Rh1 h4 27. Nf5 Qg5 28. Nxh4 Qd2+ 29. Kh3 g5 30.
Rd1 Qe3 31. Rde1 Rxh4 32. Kg2 Qd2+ 33. Kf3 Rxh1 34. Rxh1 Rg8 35. g4 Qf4+ 36. Kg2 Qxg4+ 37. Kf2 Qf4+ 38. Kg2 g4 39. Rf1 Qd2+ 40.
Rf2 Qe3 41. Kf1 g3 42. Re2 Qf3+ 43. Ke1 Qxe2+ 44. Kxe2 g2 45. Kd2 g1=Q 46. Kc3 Qe1# 0-1

[Event "Chessity Nationale Pupillendag 2018 - Groep F"]
[Site "Meppel, Netherlands"]
[Date "2018.06.23"]
[Round "7.4"]
[White "Boonen, Arvo"]
[Black "Grooten, Tommy"]
[Result "0-1"]
[TimeControl "15 min + 10 sec"]
[WhiteElo "657"]
[BlackElo "1408"]

1. e4 c5 2. Nf3 e6 3. d4 cxd4 4. Nxd4 Nf6 5. Nc3 d6 6. Bc4 a6 7. Bg5 Be7 8. Bf4 e5 9. Nf5 Bxf5 10. exf5 exf4 11. Qf3 Qc7 12. Qxf4 O-O 13.
Bd3 Nc6 14. Qg3 Ne5 15. O-O Rac8 16. f4 Nxd3 17. Qxd3 Qb6+ 18. Kh1 Rfe8 19. Qg3 Qxb2 20. Ne2 Rxc2 21. Ng1 Ne4 22. Qe1 Nf2 23.
Rxf2 Rxf2 24. Rc1 Rxg2 25. Nf3 Re2 26. Qg1 Bf6 27. Qxg7+ Bxg7 28.
Ng1 Rxh2 0-1

[Event "Chessity Nationale Pupillendag 2018 - Groep F"]
[Site "Meppel, Netherlands"]
[Date "2018.06.23"]
[Round "7.5"]
[White "Wortman, Rawi"]
[Black "Van Gaal, Hugo"]
[Result "1-0"]
[TimeControl "15 min + 10 sec"]
[WhiteElo "655"]
[BlackElo "851"]

1. e4 e5 2. Nf3 Nc6 3. Bc4 Nf6 4. Ng5 Qe7 5. Nxf7 Rg8 6. Nxe5 Nxe5 7. Bxg8 Nxg8 8. Qh5+ g6 9. Qe2 d6 10. O-O Bg4 11.
f3 Be6 12. Nc3 Bc4 13. d3 Be6 14. d4 Nf7 15. d5 Bd7 16. Re1 Bh6 17. Bxh6 Ngxh6 18. Rad1 Qg5 19. Qc4 Bh3 20. g3 Ne5 21. Qe2 O-O-O 22. f4 Qf6 23. fxe5 Qxe5 24. Nb5 Bg4 25. Qc4 Rd7 26. Rf1 Kd8 27. Rd2 Qg5 28. Rdf2 Qe3 29. Kh1 Nf7 30. Rxf7 Qc5 31. Rf8+ Ke7 32. R1f7# 1-0

[Event "Chessity Nationale Pupillendag 2018 - Groep F"]
[Site "Meppel, Netherlands"]
[Date "2018.06.23"]
[Round "7.6"]
[White "Yalcin, Emre"]
[Black "Fallaux, Storm"]
[Result "0-1"]
[TimeControl "15 min + 10 sec"]
[WhiteElo "627"]
[BlackElo "779"]

1. e4 e5 2. Nc3 Nc6 3.
Bc4 Bc5 4. Nf3 Nf6 5. d3 h6 6. Be3 Nd4 7. Nxe5 d6 8. Nf3 Nxf3+ 9. Qxf3 Bg4 10. Qg3 Qe7 11. f3 Nh5 12.
Qf2 Be6 13. Bxc5 dxc5 14. Bb3 O-O-O 15. O-O-O Bxb3 16. cxb3 Nf6 17. Nb5 Kb8 18. d4 cxd4 19. Rxd4 b6 20. Rxd8+ Rxd8 21. Rd1 Rxd1+ 22. Kxd1 Qd7+ 23.
Nd4 c5 24. Qg3+ Kb7 25. Kc2 cxd4 26.
Qxg7 d3+ 27. Kd2 Qd6 28. Qxf7+ Ka6 29. Qc4+ b5 30. Qxd3 Qxh2 31. Qd6+ Qxd6+ 32. Ke3 Qg3 33. e5 Qxe5+ 34. Kf2 Qxb2+ 35. Kg3 Qxa2 36.
Kf4 Qxb3 37. Kf5 Nd7 38. Kg6 Qc2 39.
Kxh6 Qxg2 40. f4 Nf8 41. Kh5 Ne6 42. Kh6 b4 43. Kh7 b3 44. Kh8 b2 45. Kh7 b1=Q 46. Kh6 Qbh1 0-1